 Dungeon Crawl Stone Soup version 0.22-a0-825-ga28c36f (webtiles) character file.

65 riteheju the Sneak (level 3, -6/27 HPs)
             Began as a Demonspawn Assassin on July 24, 2018.
             Killed by nerve-wracking pain
             ... invoked by an orc priest
              (10 damage)
             ... on level 3 of the Dungeon.
             The game lasted 00:02:47 (1842 turns).

riteheju the Sneak (Demonspawn Assassin)            Turns: 1842, Time: 00:02:48

Health: -6/27      AC:  3    Str: 11    XL:     3   Next: 94%
Magic:  3/3        EV: 12    Int: 12    God:
Gold:   115        SH:  0    Dex: 15    Spells: 2/2 levels left

rFire    . . .     SeeInvis .   a - +2 dagger
rCold    . . .     Gourm    .   (no shield)
rNeg     . . .     Faith    .   c - +0 robe
rPois    .         Spirit   .   (no helmet)
rElec    .         Reflect  .   d - +0 cloak
rCorr    .         Harm     .   (no gloves)
MR       .....                  (no boots)
Stlth    +++.......             (no amulet)
HPRegen  0.09/turn              (no ring)
MPRegen  0.08/turn              (no ring)

@: no status effects
A: demonic guardian 1, powered by death 1
a: no special abilities


You were on level 3 of the Dungeon.
You were not hungry.

You visited 1 branch of the dungeon, and saw 4 of its levels.

You collected 115 gold pieces.

Inventory:

Hand Weapons
 a - a +2 dagger (weapon)
 b - a +0 blowgun
Missiles
 e - 8 poisoned needles
 f - 2 curare-tipped needles
Armour
 c - a +0 robe (worn)
 d - a +0 cloak (worn)
Scrolls
 h - a scroll of enchant armour {unknown}
 i - a scroll of fog {unknown}
 k - 3 scrolls of identify {unknown}
 n - a scroll of immolation {unknown}
 r - a scroll of remove curse {unknown}
Potions
 j - 2 potions of might {unknown}
 l - a potion of ambrosia {unknown}
 m - a potion of flight {unknown}
 o - a potion of curing {unknown}
 q - a potion of heal wounds {unknown}
Comestibles
 g - 5 rations
 p - 3 chunks of flesh


   Skills:
 + Level 2.0 Fighting
 * Level 2.3 Short Blades
 + Level 1.8 Throwing
 + Level 1.0 Dodging
 * Level 4.9 Stealth


You had 2 spell levels left.
You didn't know any spells.
Your spell library was empty.

Dungeon Overview and Level Annotations

Branches:
Dungeon (4/15)
 Temple: D:4-7

Altars:
Makhleb


Innate Abilities, Weirdness & Mutations

A weak demonic guardian rushes to your aid.
You regenerate a little health from kills.


Message History

An orc comes into view. It is wielding a hand axe.
A giant cockroach comes into view.
Your iron imp barely misses the orc priest.
You barely miss the orc priest. The adder bites your iron imp.
Your iron imp hits the adder.
You hit the orc priest but do no damage.
The orc priest mumbles some strange prayers to Beogh against you.
Beogh smites you!
* * * LOW HITPOINT WARNING * * *
The adder bites your iron imp.
Your iron imp is poisoned.
The adder poisons your iron imp!
Your iron imp hits the adder.
The adder bites your iron imp but does no damage.
The giant cockroach bites your iron imp but does no damage.
Your iron imp closely misses the adder.
The adder bites something but does no damage.
The orc priest mumbles some strange prayers to Beogh against you.
Pain shoots through your body!
You die...

## ## #. .#### .
#.#####....
..oo##o#......##
......os5#.....
....g#.#S#.#.#####
... #.#..).......
# #.#.#o.######
#...#..@...#
.....#....#.#
#.......#..#
#####.#....#
#.###### #..


You could see an orc priest, an orc wizard, an adder, an orc and a giant
cockroach.

Vanquished Creatures
  An iguana (D:4)
  A howler monkey skeleton (D:4)
  An adder (D:4)
  A leopard gecko (D:2)
  2 giant cockroaches (D:2)
  2 hobgoblins
  3 jackals (D:2)
  4 kobolds
  A bat (D:2)
  2 frilled lizards (D:2)
  2 goblins
  4 rats
24 creatures vanquished.

Notes
Turn   | Place    | Note
-------+----------+-------------------------------------------
     0 | D:1      | riteheju the Demonspawn Assassin began the quest for the Orb.
     0 | D:1      | Reached XP level 1. HP: 16/16 MP: 1/1
  1076 | D:2      | Reached skill level 4 in Stealth
  1085 | D:2      | Gained mutation: You regenerate a little health from kills. [demonic ancestry]
  1085 | D:2      | Reached XP level 2. HP: 7/22 MP: 2/2
  1393 | D:2      | Reached skill level 1 in Dodging
  1451 | D:2      | Found a faded altar of an unknown god.
  1506 | D:2      | Found a burning altar of Makhleb.
  1637 | D:2      | You fall through a shaft for 2 floors!
  1657 | D:4      | Gained mutation: A weak demonic guardian rushes to your aid. [demonic ancestry]
  1657 | D:4      | Reached XP level 3. HP: 25/27 MP: 3/3
  1842 | D:3      | Killed from afar by an orc priest

Vault maps used:
D:1:      dpeg_arrival_erosion
D:2:      nicolae_overflow_hidden_temple,
          chequers_ecumenical_altar_simple_redux, minmay_gold_behind_fungi,
          corexii_leaking_fountain, grunt_ministairs_10
D:3:      first_ration
D:4:      kennysheep_generic_room_11

Skill      XL: |  1  2 |
---------------+-------+-----
Stealth        | 4 |  4.9
Dodging        | 1 |  1.0
Short Blades   | 2 |  2.3
Fighting       | |  2.0
Throwing       | |  1.8

Action                   || total
-------------------------++-------
Melee: Dagger            ||    77
 Stab: Sleeping          ||     3
  Eat: Chunk             ||     3
Armor: Robe              ||    10
Dodge: Dodged            ||    39

Table legend:
 A = Spawn XP
 B = Non-spawn XP
 C = Spawn XP percentage of total XP
 D = Spawn monster count
 E = Non-spawn monster count
 F = Spawn count percentage of total count
 G = Total turns spent on level
                    A         B        C        D         E        F      G
               +---------+---------+-------+---------+---------+-------+---------
         Total |       0 |      94 |   0.0 |       0 |      24 |   0.0 |  1842
               +---------+---------+-------+---------+---------+-------+---------
           D:1 |       0 |       7 |   0.0 |       0 |       5 |   0.0 |  1070
           D:2 |       0 |      23 |   0.0 |       0 |      15 |   0.0 |   567
           D:3 |       0 |       1 |   0.0 |       0 |       1 |   0.0 |    20
           D:4 |       0 |      63 |   0.0 |       0 |       3 |   0.0 |   185
               +---------+---------+-------+---------+---------+-------+---------
